 Dungeon Crawl Stone Soup version 0.20.1-1-g8b1a95d (webtiles) character file.

5273 vatarom the Martial Artist (level 10, -3/74 HPs)
             Began as a Demonspawn Transmuter on Sept 21, 2017.
             Was an Elder of Cheibriados.
             Slain by Fairytaker's ghost (17 damage)
             ... on level 10 of the Dungeon.
             The game lasted 00:22:29 (7666 turns).

vatarom the Martial Artist (Demonspawn Transmuter)  Turns: 7666, Time: 00:22:29

Health: -3/74      AC:  7    Str: 23    XL:     10   Next: 36%
Magic:  0/14       EV: 17    Int: 24    God:    Cheibriados [****..]
Gold:   488        SH:  7    Dex: 29    Spells: 4/14 levels left

rFire    + . .     SeeInvis .     - Unarmed
rCold    . . .     Gourm    .   u - +0 buckler
rNeg     . . .     Faith    +   r - +3 leather armour {rF+}
rPois    .         Spirit   +   y - +0 hat
rElec    .         Reflect  .   l - scarf {Spirit}
rCorr    .         Harm     .   e - +0 pair of gloves
MR       ++...                  (no boots)
Stlth    +++.......             s - amulet of faith
Regen    0.3/turn               o - ring of wizardry
MPRegen  0.2/turn               p - +2 ring of dexterity

@: appendage, very slightly contaminated, very slow
A: claws 1, horns 2, low mp 1, magic resistance 2, nightstalker 1, screaming 1,
spiny 2, strong 1
a: End Transformation, Bend Time, Temporal Distortion, Slouch, Renounce Religion


You were on level 10 of the Dungeon.
You worshipped Cheibriados.
Cheibriados was greatly pleased with you.
You were not hungry.
You had grown temporary horns.
You visited 2 branches of the dungeon, and saw 10 of its levels.

You collected 488 gold pieces.

Inventory:

Missiles
 a - 200 arrows
Armour
 e - a +0 pair of gloves (worn)
 l - a scarf of spirit shield (worn)
 r - a +3 leather armour of fire resistance (worn)
 u - a +0 buckler (worn)
 y - a +0 hat (worn)
Jewellery
 o - a ring of wizardry (left hand)
 p - a +2 ring of dexterity (right hand)
 s - an amulet of faith (around neck)
Wands
 t - a wand of lightning (0/15)
Scrolls
 f - 7 scrolls of remove curse
 j - 3 scrolls of teleportation
 k - 2 scrolls of enchant armour
 m - a scroll of magic mapping
 n - 4 scrolls of amnesia
 w - 4 scrolls of identify
 A - a scroll of fog
 B - a scroll of recharging
Potions
 v - a potion of resistance {unknown}
 x - 2 potions of berserk rage {unknown}
 z - a potion of might
Books
 c - a book of Changes

   Spells                             Type                      Level
   a - Beastly Appendage              Transmutation                1
   b - Sticks to Snakes               Transmutation                2
   c - Spider Form                    Transmutation/Poison         3
   d - Ice Form                       Ice/Transmutation            4
   e - Blade Hands                    Transmutation                5
 q - a book of Misfortune

   Spells                             Type                      Level
   a - Confusing Touch                Hexes                        1
   b - Confuse                        Hexes                        3
   c - Gell's Gravitas                Translocation                3
   d - Petrify                        Transmutation/Earth          4
   e - Metabolic Englaciation         Hexes/Ice                    5
   f - Yara's Violent Unravelling     Hexes/Transmutation          5
Comestibles
 b - 2 fruits
 d - 6 bread rations
 g - 5 royal jellies
 h - 3 meat rations


   Skills:
 + Level 5.2 Fighting
 + Level 5.1 Dodging
 - Level 5.0 Shields
 * Level 8.3 Unarmed Combat
 * Level 2.6 Spellcasting
 - Level 5.5 Transmutations
 + Level 8.0 Invocations


You had 4 spell levels left.
You knew the following spells:

 Your Spells              Type           Power        Failure   Level  Hunger
a - Beastly Appendage     Tmut           ####..       1%          1    None
b - Sticks to Snakes      Tmut           ####....     1%          2    ##.....
c - Spider Form           Tmut/Pois      ###.......   4%          3    ###....
d - Ice Form              Ice/Tmut       ###.....     16%         4    ####...


Dungeon Overview and Level Annotations

Branches:
Dungeon (8/15)             Temple (1/1) D:6
   Lair: D:8-11

Altars:
Ashenzari
Cheibriados
Dithmenos
Elyvilon
Fedhas
Gozag
Kikubaaqudgha
Makhleb
Nemelex Xobeh
Okawaru
Qazlal
Ru
Trog
Uskayaw
Vehumet
Xom
Yredelemnul
Zin
The Shining One

Annotations:
D:8 Blork the orc
D:10 Fairytaker's ghost, journeyman TrHu


Innate Abilities, Weirdness & Mutations

You have sharp fingernails.
You are slightly more attuned to the shadows.
You are mostly covered in sharp spines.
You have a pair of horns on your head.
Your magical capacity is low. (-10% MP)
You are highly resistant to hostile enchantments. (MR++)
You occasionally shout uncontrollably at your foes.
Your muscles are strong. (Str +2)


Message History

You block Fairytaker's ghost's attack.
You hit Fairytaker's ghost.
Fairytaker's ghost is lightly damaged.
Fairytaker's ghost hits you!
You hit Fairytaker's ghost.
Fairytaker's ghost is lightly damaged.
Fairytaker's ghost says, "I was once a great warrior, and I still am!"
Fairytaker's ghost hits you!!
* * * LOW HITPOINT WARNING * * *
Casting: Ice Form
Confirm with . or Enter, or press ? or * to list all spells.
You grow a pair of large bovine horns.
Fairytaker's ghost is struck by your spines.
Fairytaker's ghost misses you.
You feel better. Fairytaker's ghost hits you!
* * * LOW HITPOINT WARNING * * *
You feel better.
Fairytaker's ghost is struck by your spines.
Fairytaker's ghost hits you!!
You die...

#....#.# #.# #.###
#....#.# #####.###.###
#....#.# #...........#
#....#.# #...........#
#....#.# #...........#
##....#.####...........#
.!......................
......#W####...........#
......#@# #...........#
...####.# #......... ..
#.# #........ . #.#
#........ #.# #........
... ......... ...
.#........
.....#........ #.
#.......


You could see Fairytaker's ghost.

Vanquished Creatures
  A two-headed ogre (D:7)
  Joseph (D:8)
  A hippogriff (D:7)
  A wyvern (D:10)
  6 yaks (D:7)
  A hungry ghost (D:7)
  A water moccasin (D:7)
  Edmund (D:5)
  3 orc warriors (D:7)
  A phantom (D:6)
  2 sky beasts
  2 ogres
  A crocodile (D:10)
  3 centaurs
  2 bullfrogs
  2 scorpions (D:7)
  5 killer bees (D:7)
  2 howler monkeys (D:8)
  4 crimson imps
  A bullfrog skeleton (D:4)
  2 orc priests (D:5)
  2 hounds
  A jelly (D:7)
  4 orc wizards
  2 centaur skeletons
  A gnoll shaman (D:6)
  6 worker ants
  A hound zombie (D:7)
  A hound skeleton (D:8)
  A worker ant zombie (D:10)
  4 gnolls (D:6)
  9 adders
  4 shadow imps
  An adder zombie (D:6)
  A worm (D:5)
  4 leopard geckos
  18 orcs
  4 bats
  7 giant cockroaches
  4 goblins
  3 hobgoblins
  3 jackals (D:8)
  5 quokkas
  3 frilled lizards
  4 kobolds
  3 rats
139 creatures vanquished.

Vanquished Creatures (collateral kills)
  2 adders (D:2)
  A bat (D:1)
3 creatures vanquished.

Grand Total: 142 creatures vanquished

Notes
Turn   | Place    | Note
-------+----------+-------------------------------------------
     0 | D:1      | vatarom the Demonspawn Transmuter began the quest for the Orb.
     0 | D:1      | Reached XP level 1. HP: 15/15 MP: 3/3
   488 | D:1      | Gained mutation: You have sharp fingernails. [demonic ancestry]
   488 | D:1      | Reached XP level 2. HP: 21/21 MP: 3/5
   492 | D:1      | Learned a level 2 spell: Sticks to Snakes
   712 | D:2      | Gained mutation: You evolve. [potion of mutation]
   712 | D:2      | Gained mutation: You occasionally shout uncontrollably at your foes. [potion of mutation]
   712 | D:2      | Gained mutation: You are robust. (+10% HP) [potion of mutation]
   712 | D:2      | Gained mutation: Your muscles are strong. (Str +2) [potion of mutation]
   994 | D:2      | Gained mutation: You are partially covered in sharp spines. [demonic ancestry]
   994 | D:2      | Reached XP level 3. HP: 15/28 MP: 2/6
  1267 | D:2      | Learned a level 3 spell: Spider Form
  1506 | D:2      | Found a snail-covered altar of Cheibriados.
  1518 | D:2      | Gained mutation: You are dopey. (Int -2) [evolution]
  1902 | D:2      | Reached XP level 4. HP: 35/36 MP: 5/7
  1907 | D:2      | Became a worshipper of Cheibriados the Contemplative
  2331 | D:3      | Found a sacrificial altar of Ru.
  2331 | D:3      | Found a faded altar of an unknown god.
  2337 | D:3      | Found a shimmering altar of Xom.
  2339 | D:3      | Found a glowing golden altar of the Shining One.
  2340 | D:3      | Found an iron altar of Okawaru.
  2512 | D:4      | Reached skill level 1 in Invocations
  2512 | D:4      | Gained mutation: You are slightly more attuned to the shadows. [demonic ancestry]
  2512 | D:4      | Reached XP level 5. HP: 36/42 MP: 6/8
  2616 | D:4      | Found an opulent altar of Gozag.
  2650 | D:4      | Found a white marble altar of Elyvilon.
  3097 | D:5      | Entered Level 5 of the Dungeon
  3246 | D:5      | Noticed an ogre
  3258 | D:5      | Killed an ogre
  3258 | D:5      | Reached skill level 1 in Shields
  3258 | D:5      | Reached XP level 6. HP: 42/50 MP: 1/9
  3311 | D:5      | Noticed Edmund
  3322 | D:5      | Killed Edmund
  3757 | D:5      | Found a bloodstained altar of Trog.
  3837 | D:5      | Reached XP level 7. HP: 56/56 MP: 10/10
  3874 | D:5      | Reached * piety under Cheibriados
  3879 | D:5      | Reached skill level 5 in Unarmed Combat
  4281 | D:6      | Lost mutation: You occasionally shout uncontrollably at your foes. [evolution]
  4427 | D:6      | Learned a level 4 spell: Ice Form
  4548 | D:6      | Reached ** piety under Cheibriados
  4735 | D:6      | Found a staircase to the Ecumenical Temple.
  4822 | Temple   | Entered the Ecumenical Temple
  4934 | D:6      | Reached XP level 8. HP: 62/62 MP: 9/11
  4944 | D:6      | Found a hide-covered altar of Uskayaw.
  4944 | D:6      | Noticed a dagger
  4945 | D:6      | Noticed a dagger
  5186 | D:7      | Reached skill level 5 in Invocations
  5413 | D:7      | Lost mutation: You are robust. (+10% HP) [potion of mutation]
  5413 | D:7      | Lost mutation: You evolve. [potion of mutation]
  5413 | D:7      | Lost mutation: You are dopey. (Int -2) [potion of mutation]
  5413 | D:7      | Gained mutation: Your magical capacity is low. (-10% MP) [potion of mutation]
  5413 | D:7      | Gained mutation: You are resistant to hostile enchantments. (MR+) [potion of mutation]
  5413 | D:7      | Gained mutation: You occasionally shout uncontrollably at your foes. [potion of mutation]
  5413 | D:7      | Gained mutation: You are highly resistant to hostile enchantments. (MR++) [potion of mutation]
  5420 | D:7      | Reached skill level 5 in Shields
  5581 | D:7      | Reached *** piety under Cheibriados
  5596 | D:7      | Found a stormy altar of Qazlal.
  5623 | D:7      | Noticed Joseph
  5913 | D:7      | Reached XP level 9. HP: 40/64 MP: 10/12
  6417 | D:8      | Noticed a two-headed ogre
  6666 | D:7      | Reached skill level 5 in Transmutations
  6892 | D:7      | Killed a two-headed ogre
  6892 | D:7      | Reached **** piety under Cheibriados
  6907 | D:7      | Gained mutation: You are mostly covered in sharp spines. [demonic ancestry]
  6907 | D:7      | Reached XP level 10. HP: 28/73 MP: 1/14
  6909 | D:7      | HP: 4/87 [yak (10)]
  7308 | D:8      | Killed Joseph
  7308 | D:8      | Reached skill level 5 in Fighting
  7386 | D:8      | Reached skill level 5 in Dodging
  7402 | D:8      | Noticed Blork the orc
  7526 | D:8      | You fall through a shaft for 2 floors!
  7526 | D:10     | Entered Level 10 of the Dungeon
  7648 | D:10     | Noticed Fairytaker's ghost (journeyman TrHu)
  7666 | D:10     | Slain by Fairytaker's ghost

Skill      XL: |  1  2  3  4  5  6  7  8  9 10 |
---------------+-------------------------------+-----
Dodging        | 2 3 4 5 |  5.1
Unarmed Combat | 3 4 5 6 7 8 |  8.3
Fighting       | 2 3 4 5 |  5.2
Invocations    | 1 2 3 4 6 7 8 |  8.0
Shields        | 1 2 4 5 |  5.0
Transmutations | 2 3 4 5 |  5.5
Spellcasting   | |  2.6

Action                   |  1- 3 |  4- 6 |  7- 9 | 10-12 || total
-------------------------+-------+-------+-------+-------++-------
Melee: Unarmed           |   106 |    76 |   206 |    67 ||   455
       Headbutt          |     9 |     6 |    15 |     1 ||    31
       Kick              |     6 |     3 |    17 |    13 ||    39
       Punch             |       |     2 |     2 |       ||     4
 Cast: Beastly Appendage |    27 |    12 |    20 |     6 ||    65
       Sticks to Snakes  |     5 |     1 |     1 |       ||     7
       Spider Form       |     1 |     1 |     8 |     2 ||    12
       Ice Form          |       |       |     4 |     2 ||     6
Invok: Bend Time         |       |       |     5 |       ||     5
       Temporal Distorti |       |       |     1 |     1 ||     2
Evoke: Wand              |       |       |     3 |     2 ||     5
  Use: Scroll            |     6 |     5 |     4 |     1 ||    16
       Potion            |     5 |     6 |     2 |     2 ||    15
 Stab: Distracted        |     1 |       |       |       ||     1
       Sleeping          |       |     1 |     1 |     2 ||     4
  Eat: Chunk             |     2 |     2 |     4 |       ||     8
       Royal jelly       |     1 |       |       |       ||     1
       Bread ration      |       |     1 |     1 |       ||     2
       Fruit             |       |     2 |     4 |       ||     6
Armor: Robe              |    37 |     4 |       |       ||    41
       Leather armour    |       |     3 |    20 |     7 ||    30
       Skin              |       |       |     8 |     2 ||    10
Dodge: Dodged            |    71 |    42 |   208 |    29 ||   350
Block: Buckler           |       |       |    16 |    14 ||    30
